 Dungeon Crawl Stone Soup version 0.29-a0-721-g7f417c9bbb (webtiles) character file.

Game seed: 13643433121950518889

2 riojii the Trooper (level 1, 0/18 HPs)
             Began as a Demonspawn Abyssal Knight on June 27, 2022.
             Was a Believer of Lugonu.
             Slain by a quokka (2 damage)
             ... on level 1 of the Dungeon.
             The game lasted 00:00:23 (198 turns).

riojii the Trooper (Demonspawn Abyssal Knight)       Turns: 198, Time: 00:00:24

Health: 0/18       AC:  3    Str: 13    XL:     1   Next: 25%
Magic:  2/2        EV: 11    Int: 11    God:    Lugonu [**....]
Gold:   0          SH:  0    Dex: 13    Spells: 0/0 levels left

rFire   . . .      SeeInvis .     - Unarmed
rCold   . . .      Faith    .   (no shield)
rNeg    . . .      Spirit   .   a - +0 leather armour
rPois   .          Reflect  .   (no helmet)
rElec   .          Harm     .   (no cloak)
rCorr   .          Rampage  .   (no gloves)
Will    .....                   (no boots)
Stlth   +.........              (no amulet)
HPRegen 0.06/turn               (no ring)
MPRegen 0.08/turn               (no ring)

@: no status effects
A: no striking features
a: Renounce Religion, Depart the Abyss, Bend Space


You were on level 1 of the Dungeon.
You worshipped Lugonu.
Lugonu was pleased with you.
You visited 1 branch of the dungeon, and saw 1 of its levels.
You visited the Abyss 1 time.

Inventory:

Armour
 a - a +0 leather armour (worn)
Scrolls
 b - a scroll of amnesia {unknown}


   Skills:
 + Level 3.0 Fighting
 + Level 1.8 Armour
 + Level 0.9 Dodging
 * Level 1.8 Unarmed Combat
 + Level 2.4 Invocations


You couldn't memorise any spells.
You didn't know any spells.
Your spell library was empty.

Dungeon Overview and Level Annotations

Branches:
Dungeon (1/15)

Altars:


Message History

You closely miss the quokka. The quokka bites you.
The quokka completely misses you.
You hit the quokka but do no damage. The quokka bites you.
You barely miss the quokka.
The quokka bites you but does no damage.
You barely miss the quokka. The quokka bites you.
You are too injured to fight recklessly!
You are too injured to fight recklessly!
You are too injured to fight recklessly!
You are too injured to fight recklessly!
A quokka is nearby!
A quokka is nearby!
A quokka is nearby!
You are too injured to fight recklessly!
A quokka is nearby!
A quokka is nearby!
A quokka is nearby!
You hit the quokka.
The quokka is heavily wounded.
The quokka bites you but does no damage.
You barely miss the quokka.
The quokka is heavily wounded.
The quokka bites you.
* * * LOW HITPOINT WARNING * * *
The quokka barely misses you.
You barely miss the quokka.
The quokka is heavily wounded.
The quokka barely misses you.
You closely miss the quokka.
The quokka is heavily wounded.
The quokka bites you.
* * * LOW HITPOINT WARNING * * *
You completely miss the quokka.
The quokka is heavily wounded.
The quokka bites you.
* * * LOW HITPOINT WARNING * * *
You hit the quokka but do no damage.
The quokka is heavily wounded.
The quokka bites you.
You die...

### ..#######
#.#.....#
#.#.....#####
#######.#..@r......
#..................
#.#####.#.....####.
#.# #.###.### #.#
#.# #.#
#^####.#####.# #.#
#............# #.#
#####......... ..#
#..#######


You could see a quokka.

Vanquished Creatures
  A kobold (D:1)
  A bat (D:1)
2 creatures vanquished.

Notes
Turn   | Place    | Note
-------+----------+-------------------------------------------
     0 | Abyss:1  | riojii the Demonspawn Abyssal Knight began the quest for
                  | the Orb.
     0 | Abyss:1  | Reached XP level 1. HP: 18/18 MP: 2/2
    62 | Abyss:1  | Noticed an ancient zyme
    63 | D:1      | Escaped the Abyss
   198 | D:1      | Slain by a quokka

Illustrated notes

Levels and vault maps discovered:
D:1:      nicolae_arrival_washed_ashore, layout_loops_ring, minmay_cut_off

Action                   || total
-------------------------++-------
Melee: Unarmed           ||    21
       Punch             ||     1
Invok: Depart the Abyss  ||     1
 Stab: Sleeping          ||     1
Armor: Leather armour    ||     5
Dodge: Dodged            ||     7

Table legend: (Time is in decaauts)
 A = Elapsed time spent in this place.
 B = Non-inter-level travel time spent in this place.
 C = Inter-level travel time spent in this place.
 D = Time resting spent in this place.
 E = Time spent auto-exploring this place.
 F = Levels seen in this place.
 G = Mean time per level.
                   A        B        C        D        E       F      G
               +--------+--------+--------+--------+--------+-----+--------+
         Total |    197 |    197 |      0 |      0 |    162 |   2 |   98.5 |
       Dungeon |    134 |    134 |      0 |      0 |    100 |   1 |  134.0 |
         Abyss |     63 |     63 |      0 |      0 |     62 |   1 |   63.0 |
               +--------+--------+--------+--------+--------+-----+--------+

Top non-repeatable levels by time:
     D:1: 134 daAuts
 Abyss:1: 63 daAuts
